AoeStats
← Malelf

Arabia

506699057Analyzed
1v1 RM · 18d ago on Sep 14, 2026· 21m 52s· 2 players
Game mode
Random Map
Map size
Tiny (2 player)
Population
200
Speed
Normal
Resources
Standard
Victory
Conquest
Starting age
Dark Age
Ending age
Imperial Age
RankedLock teamsTeams togetherTeam positionsShared explorationLock speedFull tech treeHidden civsTurbo modeCheats
Victory
Defeat
🇨🇱 Khmer · Chile
1622
+20
🇮🇹 Aztecs · Italy
1709
-20
L10N
5:19 Loom
6:20 Loom
8:37 Feudal Age
9:25 Double-Bit Axe
14:06 Fletching
18:19 Scale Barding Armor
21:22 Castle Age
19:35 Scale Barding Armor
19:35 Horse Collar
19:45 Gold Mining
21:31 Forging
21:33 Bloodlines
21:40 Crossbowman
22:16 Bodkin Arrow
Malelf
5:59 Loom
9:18 Feudal Age
9:36 Man-at-Arms
12:20 Horse Collar
14:43 Fletching
16:19 Padded Archer Armor
23:39 Castle Age
22:04 Gold Mining
Connection lost

Rejoining the realm…

Still unreachable

The connection could not be restored.

Session expired

The server has moved on; the page needs a fresh start.